 Dungeon Crawl Stone Soup version 0.30-a0-799-g109b55a442 (webtiles) character file.

Game seed: 11843391691642046190

19 Pimp the Stinger (level 2, 0/17 HPs)
             Began as an Octopode Venom Mage on Feb 21, 2023.
             Slain by an adder (2 damage)
             ... on level 2 of the Dungeon.
             The game lasted 00:01:19 (850 turns).

Pimp the Stinger (Octopode Venom Mage)               Turns: 850, Time: 00:01:19

Health: 0/17       AC:  1    Str:  7    XL:     2   Next: 75%
Magic:  5/5        EV: 13    Int: 17    God:
Gold:   45         SH:  0    Dex: 12    Spells: 4/5 levels left

rFire   . . .      SeeInvis .    (no weapon)
rCold   . . .      Faith    .    (no shield)
rNeg    . . .      Spirit   .    (helmet restricted)
rPois   .          Reflect  .    (no amulet)
rElec   .          Harm     .    (no ring)
rCorr   .          Rampage  .    (no ring)
Will    .....                    (no ring)
Stlth   +++                      (no ring)
HPRegen 0.22/turn                (no ring)
MPRegen 0.09/turn                (no ring)
                                 (no ring)
                                 (no ring)

@: no status effects
A: almost no armour, amphibious, 8 rings, camouflage 1, gelatinous body 1,
(nimble swimmer 1), tentacles
a: no special abilities


You were on level 2 of the Dungeon.
You visited 1 branch of the dungeon, and saw 2 of its levels.

You collected 45 gold pieces.

Inventory:

Scrolls
 d - a scroll of identify {unknown}
 e - a scroll of teleportation {unknown}
 f - a scroll of amnesia {unknown}
Potions
 a - a potion of magic
 b - 2 potions of flight {unknown}
 c - a potion of curing {unknown}
 g - a potion of ambrosia {unknown}


   Skills:
 + Level 2.2 Dodging
 + Level 3.1 Stealth
 + Level 2.2 Spellcasting
 + Level 1.4 Transmutations
 + Level 3.9 Poison Magic


You had 4 spell levels left.
You knew the following spells:

 Your Spells              Type           Power      Damage    Failure   Level
a - Sting                 Tmut/Pois      40%        1d5       6%          1

Your spell library contained the following spells:

 Spells                   Type           Power      Damage    Failure   Level
 Poisonous Vapours        Pois/Air       16%        N/A       13%         2
 Mephitic Cloud           Conj/Pois/Air  6%         N/A       32%         3
 Olgreb's Toxic Radiance  Pois           15%        N/A       36%         4


Dungeon Overview and Level Annotations

Branches:
Dungeon (2/15)

Altars:


Innate Abilities, Weirdness & Mutations

You cannot wear most types of armour.
You are amphibious.
You can wear up to eight rings at the same time.
Your skin changes colour to match your surroundings (Stealth+).
Your rubbery body absorbs attacks. (AC +1, EV +1)
((You are camouflaged when in or above water. (Stealth+)))
You have tentacles for arms and can constrict up to eight enemies at once.


Message History

The adder barely misses you.
You closely miss the adder.
The frilled lizard hisses angrily.
The adder hisses angrily.
The kobold shouts!
You grab the adder. You constrict the adder.
A nearby plant withers and dies.
The adder bites you.
You tentacle-slap the adder.
The adder is moderately wounded.
You constrict the adder. The adder completely misses you.
The adder barely misses you.
You tentacle-slap the adder but do no damage.
The adder is moderately wounded.
You constrict the adder. The adder bites you.
You are poisoned.
The adder poisons you!
You release your grip on the adder.
The adder attacks as you move away! The adder misses you.
You feel sick. The adder misses you. The adder barely misses you.
The adder closely misses you.
Okay, then.
Casting: Sting (safe; 6% risk of failure)
Confirm with . or Enter, or press ? or * to list all spells.
Aiming: Sting (safe; 6% risk of failure)
Press: ? - help, Shift-Dir - straight line
Okay, then.
The adder attacks as you move away! The adder barely misses you.
You feel sick.
A kobold comes into view. It is wielding a +0 whip.
Found a book of Vapours.
You feel sick. The adder closely misses you.
You feel sick.
The kobold shouts!
You feel sick.
You are no longer poisoned.
The adder barely misses you. The adder attacks as you move away!
The adder closely misses you. The adder bites you.
* * * LOW HITPOINT WARNING * * *
The kobold hits you with a +0 whip.
* * * LOW HITPOINT WARNING * * *
The adder attacks as you move away! The adder closely misses you.
The kobold closely misses you. The adder attacks as you move away!
The adder bites you.
You die...

. # #.... #### ###..#. #
##..# .......### . .:..
..........
###.####..#####...........
..........................#.
...........@# #. #...#.
......###.KS# #.. ###...#
♣♣..P..##.lS# #... #≈≈~~~≈
~~~.~.♣.....# #...####...#
~~.~.~~P...######...........
~~≈≈~~~~.g..........#.#..##.
.~≈≈~.~~...######...........
~~.~~.~KP...................
~.~~~~~....######...#.#.....


You could see 2 adders, a goblin, 2 kobolds and a frilled lizard.

Vanquished Creatures
  4 bats (D:1)
  An endoplasm (D:1)
  2 goblins (D:1)
  3 hobgoblins
  2 ball pythons
  A frilled lizard (D:1)
  7 rats (D:1)
20 creatures vanquished.

Vanquished Creatures (others)
  A plant (D:2)
1 creature vanquished.

Grand Total: 21 creatures vanquished

Notes
Turn   | Place    | Note
-------+----------+-------------------------------------------
     0 | D:1      | Pimp the Octopode Venom Mage began the quest for the Orb.
     0 | D:1      | Reached XP level 1. HP: 11/11 MP: 3/3
   251 | D:1      | Reached XP level 2. HP: 15/17 MP: 5/5
   850 | D:2      | Slain by an adder

Illustrated notes

Levels and vault maps discovered:
D:1:      dpeg_arrival_subterranean_lakeside_camping, layout_basic,
          hangedman_decor_slide_cut, hex_large
D:2:      layout_basic, serial_rivers, chequers_serial_rivers_marsh,
          chequers_serial_rivers_room_a, chequers_serial_rivers_micro_e,
          chequers_serial_rivers_micro_a, chequers_serial_rivers_micro_a,
          basic_altar, small_statue_intersection, serial_bayou_pond_b,
          chequers_jeans, uniq_terence

Skill      XL: |  1  2 |
---------------+-------+-----
Stealth        | 3 |  3.1
Dodging        | |  2.2
Spellcasting   | |  2.2
Transmutations | |  1.4
Poison Magic   | |  3.9

Action                     || total
---------------------------++-------
  Melee: Unarmed           ||    48
         Constrict         ||    15
         Tentacles         ||    12
   Cast: Sting             ||     4
   Stab: Sleeping          ||     6
 Armour: Skin              ||     6
  Dodge: Dodged            ||    41

Table legend: (Time is in decaauts)
 A = Elapsed time spent in this place.
 B = Non-inter-level travel time spent in this place.
 C = Inter-level travel time spent in this place.
 D = Time resting spent in this place.
 E = Time spent auto-exploring this place.
 F = Levels seen in this place.
 G = Mean time per level.
                   A        B        C        D        E       F      G
               +--------+--------+--------+--------+--------+-----+--------+
         Total |    849 |    831 |     18 |     11 |    638 |   2 |  424.5 |
       Dungeon |    849 |    831 |     18 |     11 |    638 |   2 |  424.5 |
               +--------+--------+--------+--------+--------+-----+--------+

Top non-repeatable levels by time:
     D:1: 761 daAuts
     D:2: 88 daAuts
